 Dungeon Crawl Stone Soup version 0.26-a0-224-g2964c8cf50 (webtiles) character file.

Game seed: 17806197244359936814

356716 dobroeutro the Warrior (level 22, -1/153 HPs)
             Began as a Gargoyle Fighter on July 6, 2020.
             Was the Champion of Okawaru.
             Killed from afar by a frost giant (41 damage)
             ... with a bolt of cold
             ... on level 2 of the Depths.
             The game lasted 00:59:59 (35141 turns).

dobroeutro the Warrior (Gargoyle Fighter)          Turns: 35141, Time: 01:00:00

Health: -1/153     AC: 56    Str: 24    XL:     22   Next: 35%
Magic:  37/37      EV: 13    Int: 21    God:    Okawaru [******]
Gold:   4711       SH: 20    Dex: 12    Spells: 21/21 levels left

rFire    + + .     SeeInvis .   x - +9 eveningstar (vamp)
rCold    . . .     Faith    .   c - +1 kite shield
rNeg     + . .     Spirit   .   z - +8 plate armour "Yrghane" {MR+}
rPois    ∞         Reflect  +   I - +1 hat {Int+3}
rElec    +         Harm     .   m - +2 cloak {rPois}
rCorr    +                      o - +1 pair of gloves of the Jabberwock {*Contam MR+++ Dex-5 Slay+6}
MR       +++++                  O - +3 pair of boots of Zoberuf {Regen+ rCorr Slay+6}
Stlth    ..........             C - amulet of reflection
HPRegen  0.75/turn              X - ring of Onal {+Inv rElec rF+ Int+6 Dex+3}
MPRegen  0.25/turn              G - ring of Hifucel {rF+ MP+9}

@: studying Fighting
A: big wings, negative energy resistance 1, electricity resistance, strong 1,
unbreathing, petrification resistance, no potion heal 1, rot immunity, AC +16
}: 2/15 runes: decaying, serpentine
a: Fly, Heroism, Finesse, Renounce Religion, Evoke Invisibility


You were on level 2 of the Depths.
You worshipped Okawaru.
Okawaru was exalted by your worship.
You were not hungry.

You visited 8 branches of the dungeon, and saw 36 of its levels.
You also visited: Sewer, Bailey, Volcano and Wizlab.

You collected 5209 gold pieces.
You spent 498 gold pieces at shops.

Inventory:

Hand Weapons
 x - a +9 vampiric eveningstar (weapon)
Armour
 c - a +1 kite shield (worn)
 m - a +2 cloak of poison resistance (worn)
 o - the +1 pair of gloves of the Jabberwock (worn) {*Contam MR+++ Dex-5 Slay+6}
   (You found it on level 11 of the Dungeon)

   It affects your dexterity (-5).
   It affects your accuracy and damage with ranged weapons and melee attacks
   (+6).
   It affects your resistance to hostile enchantments.
   It causes magical contamination when unequipped.
 t - a +1 ring mail of fire resistance
 z - the +8 plate armour "Yrghane" (worn) {MR+}
   (You found it in a bailey)

   It affects your resistance to hostile enchantments.
 E - the +5 ring mail "Pufafapn" {Str+2 Int+8}
   (You bought it in a shop on level 4 of the Dungeon)

   It affects your strength (+2).
   It affects your intelligence (+8).
 I - a +1 hat of intelligence (worn)
 K - the +2 pair of gloves "Bizxud" {rN+ MP+9 Dex+3 SInv}
   (Okawaru gifted it to you on level 12 of the Dungeon)

   It affects your dexterity (+3).
   It protects you from negative energy.
   It affects your magic capacity (+9).
   It lets you see invisible.
 L - the +6 plate armour of Aliuhon {Int+2 Dex+4}
   (You found it on level 12 of the Dungeon)

   It affects your intelligence (+2).
   It affects your dexterity (+4).
 O - the +3 pair of boots of Zoberuf (worn) {Regen+ rCorr Slay+6}
   (You acquired it on level 14 of the Dungeon)

   It affects your accuracy and damage with ranged weapons and melee attacks
   (+6).
   It increases your rate of regeneration.
   It provides partial protection from all sources of acid and corrosion.
 W - +0 fire dragon scales
Jewellery
 h - an uncursed ring of protection from cold
 n - an uncursed ring of protection from cold
 C - an amulet of reflection (around neck)
 G - the ring of Hifucel (right hand) {rF+ MP+9}
   (You took it off an orc wizard on level 8 of the Dungeon)

   [ring of protection from fire]

   It protects you from fire.
   It affects your magic capacity (+9).
 P - the ring of Gozag's Hope {rF- rC++ rN++ EV+4}
   (You found it in a wizard's laboratory)

   [ring of evasion]

   It affects your evasion (+4).
   It makes you vulnerable to fire.
   It greatly protects you from cold.
   It greatly protects you from negative energy.
 R - an uncursed ring of resist corrosion
 V - an uncursed ring of see invisible
 X - the ring of Onal (left hand) {+Inv rElec rF+ Int+6 Dex+3}
   (You found it on level 2 of the Lair of Beasts)

   [ring of intelligence]

   It affects your intelligence (+6).
   It affects your dexterity (+3).
   It protects you from fire.
   It insulates you from electricity.
   It lets you turn invisible.
Wands
 u - a wand of flame (58)
 w - a wand of paralysis (22)
 A - a wand of clouds (20)
 H - a wand of polymorph (21)
 J - a wand of acid (14)
 N - a wand of iceblast (21)
 S - a wand of disintegration (20)
Scrolls
 b - a scroll of immolation
 e - 16 scrolls of remove curse
 j - 8 scrolls of teleportation
 k - 11 scrolls of identify
 p - 7 scrolls of fear
 q - 5 scrolls of summoning
 r - 6 scrolls of blinking
 B - 7 scrolls of fog
 F - a scroll of silence
 M - 7 scrolls of enchant weapon
 T - a scroll of magic mapping
 U - 8 scrolls of enchant armour
Potions
 a - 6 potions of stabbing
 d - 6 potions of might
 g - 2 potions of berserk rage
 i - 10 potions of heal wounds
 l - 14 potions of curing
 s - 9 potions of haste
 v - 25 potions of mutation
 D - 3 potions of invisibility
 Q - 2 potions of resistance
 Z - a potion of ambrosia
Books
 y - a manual of Fighting
Comestibles
 f - 22 rations


   Skills:
 + Level 20.7 Fighting
 + Level 18.5 Maces & Flails
 + Level 19.0 Armour
 + Level 10.6 Dodging
 + Level 14.2 Shields
 - Level 8.0 Invocations
 - Level 3.3 Evocations


You had 21 spell levels left.
You didn't know any spells.
Your spell library contained the following spells:

 Spells                   Type           Power        Failure   Level
 Animate Skeleton         Necr           N/A          75%         1
 Apportation              Tloc           #.....       75%         1
 Corona                   Hex            #......      75%         1
 Infusion                 Chrm           #...         75%         1
 Magic Dart               Conj           #...         75%         1
 Sandblast                Erth           #.....       75%         1
 Summon Small Mammal      Summ           #...         75%         1
 Ensorcelled Hibernation  Hex/Ice        #.....       87%         2
 Passwall                 Tmut/Erth      #.......     87%         2
 Searing Ray              Conj           #.....       87%         2
 Shroud of Golubria       Chrm/Tloc      #.....       87%         2
 Slow                     Hex            #.......     87%         2
 Song of Slaying          Chrm           #.......     87%         2
 Sticks to Snakes         Tmut           #.......     87%         2
 Confusing Touch          Hex            #.......     98%         3
 Dazzling Flash           Conj/Hex       #.....       98%         3
 Frozen Ramparts          Ice            #.....       98%         3
 Gell's Gravitas          Tloc           #.........   98%         3
 Ignite Poison            Fire/Tmut/Pois #.......     98%         3
 Inner Flame              Hex/Fire       #.......     98%         3
 Ozocubu's Armour         Chrm/Ice       #.......     98%         3
 Portal Projectile        Hex/Tloc       #.....       98%         3
 Spectral Weapon          Hex/Chrm       #.......     98%         3
 Stone Arrow              Conj/Erth      #.....       98%         3
 Tukima's Dance           Hex            #.......     98%         3
 Vampiric Draining        Necr           #.........   98%         3
 Cause Fear               Hex            #.........   100%        4
 Dispel Undead            Necr           #.......     100%        4
 Fulminant Prism          Conj/Hex       #.........   100%        4
 Hailstorm                Conj/Ice       #.......     100%        4
 Ice Form                 Ice/Tmut       #.......     100%        4
 Iskenderun's Mystic Bla  Conj/Tloc      #.......     100%        4
 Leda's Liquefaction      Hex/Erth       #.........   100%        4
 Petrify                  Tmut/Erth      #.......     100%        4
 Summon Lightning Spire   Summ/Air       #.......     100%        4
 Alistair's Intoxication  Tmut/Pois      #.......     100%        5
 Blade Hands              Tmut           #.........   100%        5
 Bolt of Magma            Conj/Fire/Erth #.........   100%        5
 Fireball                 Conj/Fire      #.........   100%        5
 Irradiate                Conj/Tmut      #.........   100%        5
 Iskenderun's Battlesphe  Conj/Chrm      #.......     100%        5
 Lee's Rapid Deconstruct  Erth           #.........   100%        5
 Metabolic Englaciation   Hex/Ice        #.........   100%        5
 Silence                  Hex/Air        #.........   100%        5
 Yara's Violent Unravell  Hex/Tmut       #.........   100%        5
 Conjure Ball Lightning   Conj/Air       #.........   100%        6
 Dispersal                Tloc           #.........   100%        6
 Eringya's Noxious Bog    Tmut/Pois      #.........   100%        6
 Freezing Cloud           Conj/Ice/Air   #.........   100%        6
 Hydra Form               Tmut           #.........   100%        6
 Iron Shot                Conj/Erth      #.........   100%        6
 Ozocubu's Refrigeration  Ice            #.........   100%        6
 Simulacrum               Ice/Necr       #.........   100%        6
 Starburst                Conj/Fire      #.........   100%        6
 Dragon Form              Tmut           #.........   100%        7
 Orb of Destruction       Conj           #.........   100%        7
 Ring of Flames           Chrm/Fire      #.........   100%        7
 Spellforged Servitor     Conj/Summ      #.........   100%        7
 Controlled Blink         Tloc           N/A          100%        8
 Disjunction              Tloc           #.........   100%        8
 Ignition                 Fire           #.........   100%        8
 Tornado                  Air            #.........   100%        9


Dungeon Overview and Level Annotations

Branches:
Dungeon (15/15)            Temple (1/1) D:5            Lair (6/6) D:9
  Swamp (4/4) Lair:3        Snake (4/4) Lair:2        Slime (0/5) Lair:6
    Orc (2/2) D:10            Elf (2/3) Orc:2        Vaults (0/5) D:13
 Depths (2/5) D:15          Sewer (visited)          Bailey (visited)
Volcano (visited)          WizLab (visited)

Altars:
Ashenzari
Cheibriados
Dithmenos
Elyvilon
Fedhas
Gozag
Hepliaklqana
Kikubaaqudgha
Makhleb
Nemelex Xobeh
Okawaru
Qazlal
Ru
Sif Muna
Trog
Uskayaw
Vehumet
Wu Jian
Xom
Yredelemnul
Zin
The Shining One

Shops:
D:4 [   Orc:2 ?[%?=   Snake:2 [=}}   Snake:3 %

Portals:
Hell: Depths:1

Annotations:
Elf:1 6 runed translucent doors
Elf:2 3 runed translucent doors


Innate Abilities, Weirdness & Mutations

You are resistant to torment.
Your stone body is resilient. (AC +16)
You are immune to poison.
Your large and strong wings let you fly indefinitely.
You resist negative energy. (rN+)
You are resistant to electric shocks. (rElec)
You can survive without breathing.
You are immune to petrification.
You are immune to rotting.
Your muscles are strong. (Str +2)
Potions are less effective at restoring your health.


Message History

Your body is wracked with pain!
* * * LOW HITPOINT WARNING * * *
The tengu reaver convulses!
Something touches you but does no damage.
You perforate something like a sieve!!! Okawaru accepts your kill.
Reactivating autopickup.
You feel a bit more experienced.
A lich appears from thin air!
You block the lich's attack.
Unknown command.
You bludgeon the lich!!
The lich is moderately damaged.
The tengu reaver seems less brilliant.
The lich seems less brilliant.
The tengu reaver hits you but does no damage.
Unknown command.
You bludgeon the lich!!
The lich is severely damaged.
The frost giant casts a spell at you.
The bolt of cold hits the lich.
The lich resists.
The bolt of cold hits you!!!
You die...

..####..QY##
......1.(†)#
#......C#..# .# #
....##eV####.# #.. ..
#.......# #..
#.......#
##..####++####..###.##
..............C####.##
..............1L@)Q.)#
.........##.##1####..#
.........##.##.# .#
.........##....# #
.....<...#######
##########


You could see a Tzitzimitl (summoned), a frost giant (empowered), an Ice Fiend
(summoned), a tengu reaver and a lich.

Vanquished Creatures
  Saint Roka (Snake:2)
  A caustic shrike (Depths:2)
  A golden dragon (Depths:2)
  A mutant beast (WizLab)
  Nikola (Swamp:3)
  Rupert (Snake:1)
  Asterion (Elf:1)
  Frances (Snake:1)
  Gastronok (D:8)
  4 thorn hunters
  2 tengu reavers (D:12)
  11 nagarajas
  Roxanne (Snake:2)
  A frost giant (Depths:1)
  Aizul (Snake:2)
  An iron dragon (Depths:2)
  Louise (Elf:1)
  A deep elf elementalist (Elf:2)
  3 stone giants
  2 vampire knights
  2 deep elf demonologists (Elf:1)
  9 very ugly things
  The ghost of Seod the Fighter, a journeyman FoAK of Lugonu (Lair:5)
  3 spark wasps (Depths:1)
  3 ettins
  A deep elf death mage (Elf:2)
  A fire dragon (D:15)
  3 deep elf high priests
  Fannar (D:11)
  2 vault guards (D:13)
  A great orb of eyes (Depths:1)
  10 naga warriors
  15 hydras
  A merfolk avatar (Lair:6)
  A ghost crab (Swamp:4)
  8 anacondas
  4 centaur warriors
  3 shambling mangroves
  A catoblepas (Lair:6)
  4 alligators (Swamp:4)
  13 two-headed ogres
  13 dancing weapons
  3 ogre magi
  A queen ant (Lair:3)
  A deep troll earth mage (D:12)
  11 deep elf knights
  2 tengu warriors
  An iron golem (WizLab)
  15 naga sharpshooters
  A hell knight (Volcano)
  7 small abominations
  4 spriggan berserkers
  8 shock serpents
  4 skeletal warriors (D:15)
  Nergalle (Lair:4)
  2 unseen horrors (D:15)
  9 swamp dragons
  7 large abominations (WizLab)
  4 sea snakes
  3 salamander mystics
  4 spriggan druids
  7 naga ritualists
  2 orc knights (Orc:2)
  An obsidian statue (Volcano)
  2 phantasmal warriors (Depths:1)
  A lindwurm (Lair:5)
  9 mana vipers
  2 harpies (Lair:6)
  8 deep elf archers
  6 wizards
  An orb spider (shapeshifter) (WizLab)
  2 manticores
  20 ugly things
  A cyclops (shapeshifter) (WizLab)
  An orc sorcerer (Elf:1)
  26 deep elf magi
  2 cyclopes (D:14)
  15 salamanders
  Joseph (D:7)
  2 guardian serpents
  21 elephants
  41 black mambas
  14 cane toads
  A guardian serpent (shapeshifter) (WizLab)
  19 naga magi
  A black mamba (shapeshifter) (Depths:1)
  Psyche (D:11)
  2 gargoyles
  5 rime drakes
  A rime drake (shapeshifter) (WizLab)
  A komodo dragon (shapeshifter) (WizLab)
  A yaktaur (shapeshifter) (WizLab)
  A kobold demonologist (D:14)
  3 yaktaurs
  A redback zombie (D:14)
  12 komodo dragons
  2 tengu conjurers (Depths:1)
  6 polar bears (Lair:6)
  6 trolls
  A troll (shapeshifter) (WizLab)
  A jumping spider (shapeshifter) (WizLab)
  2 queen bees (shapeshifter) (WizLab)
  A queen bee (Lair:5)
  3 meliai (Lair:5)
  7 tyrant leeches
  2 hornets (shapeshifter)
  A tyrant leech (shapeshifter) (D:12)
  A wind drake (shapeshifter) (WizLab)
  A meliai (shapeshifter) (WizLab)
  17 hornets
  25 slime creatures
  5 dream sheep (Lair:6)
  2 raiju (shapeshifter) (WizLab)
  7 bog bodies
  7 hippogriffs
  A blink frog (Lair:5)
  A dream sheep (shapeshifter) (D:12)
  2 hippogriffs (shapeshifter) (WizLab)
  A redback (shapeshifter) (WizLab)
  A tarantella (shapeshifter) (Elf:1)
  Sigmund (D:2)
  7 spriggans
  5 wyverns
  2 spriggans (shapeshifter) (WizLab)
  A fire elemental (Elf:1)
  4 water elementals (Elf:2)
  34 yaks
  3 vampires (D:14)
  An air elemental (Elf:1)
  A yak (shapeshifter) (WizLab)
  A wraith (D:14)
  7 shadows
  20 humans (D:13)
  2 basilisks (shapeshifter) (WizLab)
  Grum (D:8)
  4 basilisks
  A golden eye (shapeshifter) (WizLab)
  7 fire bats (Volcano)
  Menkaure (D:7)
  9 vampire mosquitoes
  11 swamp worms
  2 soldier ants (shapeshifter) (WizLab)
  An acid dragon (D:12)
  51 nagas
  7 soldier ants
  3 wargs (Snake:2)
  19 water moccasins
  A floating eye (shapeshifter) (WizLab)
  7 swamp drakes
  5 floating eyes
  17 porcupines
  46 orc warriors
  A phantom (D:12)
  6 sky beasts
  4 ice beasts
  2 black bears
  A black bear (shapeshifter) (WizLab)
  A necrophage (D:7)
  4 wolves
  14 ogres
  21 centaurs
  11 crocodiles
  3 big kobolds
  A gnoll sergeant (D:12)
  18 bullfrogs
  A wyvern zombie (D:12)
  2 earth elementals (Elf:1)
  8 scorpions
  46 killer bees
  14 wights
  A howler monkey (shapeshifter) (Depths:1)
  An electric eel (Lair:3)
  4 howler monkeys
  5 lava snakes (Volcano)
  2 bullfrog zombies
  4 centaur zombies
  A quasit (D:11)
  4 hounds
  20 orc priests
  23 orc wizards
  4 jellies
  6 centaur skeletons
  5 bullfrog skeletons
  6 iguanas
  A hell rat (Lair:5)
  21 worker ants
  A hound zombie (D:10)
  A howler monkey zombie (D:7)
  A worker ant zombie (D:6)
  17 adders
  11 gnolls
  2 shadow imps
  3 white imps
  4 ufetubi (D:5)
  3 oozes
  2 adder zombies
  2 adder skeletons
  3 worms
  2 dart slugs
  11 leopard geckos
  115 orcs
  8 giant cockroaches
  7 goblins
  4 hobgoblins
  11 jackals
  24 kobolds
  3 quokkas
  A ball python (Sewer)
  10 bats
  3 frilled lizards
  A quokka zombie (D:5)
  14 rats
  A briar patch (Swamp:4)
  A fungus (Elf:2)
  2 plants
1378 creatures vanquished.

Vanquished Creatures (collateral kills)
  A centaur (D:14)
1 creature vanquished.

Vanquished Creatures (others)
  A deep elf knight (Elf:1)
  A swamp worm (shapeshifter) (WizLab)
  An orc warrior (Snake:2)
  A killer bee (Lair:5)
  5 briar patches (Swamp:4)
  3 fungi
12 creatures vanquished.

Grand Total: 1391 creatures vanquished

Notes
Turn   | Place    | Note
-------+----------+-------------------------------------------
     0 | D:1      | dobroeutro the Gargoyle Fighter began the quest for the
                  | Orb.
     0 | D:1      | Reached XP level 1. HP: 14/14 MP: 1/1
   243 | D:1      | Reached XP level 2. HP: 19/19 MP: 2/2
   838 | D:2      | Reached XP level 3. HP: 21/23 MP: 3/3
   889 | D:2      | Noticed Sigmund
   903 | D:2      | Killed Sigmund
   903 | D:2      | Reached skill level 5 in Maces & Flails
   903 | D:2      | Reached XP level 4. HP: 10/28 MP: 4/4
   903 | D:2      | Reached XP level 5. HP: 11/32 MP: 5/5
  1337 | D:2      | Reached XP level 6. HP: 37/37 MP: 6/6
  1509 | D:3      | Found a glowing drain.
  1513 | Sewer    | Entered a sewer
  1939 | D:3      | Reached XP level 7. HP: 41/41 MP: 7/7
  2516 | D:4      | Found Pompuc's Antique Armour Boutique.
  2531 | D:4      | HP: 1/42 [orc priest/divine providence (13)]
  2536 | D:4      | Reached skill level 1 in Dodging
  2890 | D:4      | Reached skill level 4 in Fighting
  3280 | D:4      | Reached XP level 8. HP: 48/48 MP: 8/8
  3446 | D:5      | Entered Level 5 of the Dungeon
  3545 | D:5      | Found a staircase to the Ecumenical Temple.
  3642 | Temple   | Entered the Ecumenical Temple
  3694 | Temple   | Became a worshipper of Warmaster Okawaru
  3923 | D:5      | Found a snail-covered altar of Cheibriados.
  4579 | D:6      | Reached * piety under Okawaru
  4579 | D:6      | Reached skill level 5 in Fighting
  4579 | D:6      | Reached skill level 5 in Armour
  4579 | D:6      | Reached skill level 5 in Shields
  4965 | D:6      | Reached XP level 9. HP: 50/54 MP: 9/9
  5685 | D:6      | You fall into a shaft and drop 2 floors!
  6149 | D:4      | Bought a garnet-encrusted ring mail for 243 gold pieces
  6159 | D:4      | Identified the +5 ring mail "Pufafapn" {Str+2 Int+8} (You
                  | bought it in a shop on level 4 of the Dungeon)
  6325 | D:7      | Reached ** piety under Okawaru
  6371 | D:7      | Noticed Joseph
  6371 | D:7      | Noticed Menkaure
  6399 | D:7      | Killed Joseph
  6399 | D:7      | Reached skill level 6 in Fighting
  6403 | D:7      | Killed Menkaure
  6846 | D:8      | Reached *** piety under Okawaru
  7111 | D:8      | Noticed Gastronok
  7125 | D:8      | Identified the ring of Hifucel {rF+ MP+9}
  7449 | D:8      | Reached XP level 10. HP: 61/61 MP: 10/10
  7587 | D:8      | Killed Gastronok
  7587 | D:8      | Reached **** piety under Okawaru
  7587 | D:8      | Reached skill level 7 in Fighting
  8075 | D:8      | Reached skill level 5 in Dodging
  8419 | D:8      | Noticed Grum
  8716 | D:8      | Killed Grum
  8891 | D:9      | Reached skill level 8 in Fighting
  8916 | D:9      | Reached ***** piety under Okawaru
  8916 | D:9      | Reached XP level 11. HP: 55/68 MP: 11/11
  9265 | D:9      | Reached skill level 10 in Maces & Flails
  9573 | D:9      | Found a staircase to the Lair.
 10362 | D:10     | Entered Level 10 of the Dungeon
 10620 | D:10     | Reached skill level 9 in Fighting
 11003 | D:10     | Noticed a two-headed ogre
 11012 | D:10     | Killed a two-headed ogre
 11161 | D:10     | Reached skill level 10 in Armour
 11501 | D:10     | Found a staircase to the Orcish Mines.
 11507 | D:10     | Reached ****** piety under Okawaru
 11648 | D:11     | Got a pair of brightly glowing gloves
 11659 | D:11     | Identified the +1 pair of gloves of the Jabberwock {*Contam
                  | MR+++ Dex-5 Slay+6} (You found it on level 11 of the
                  | Dungeon)
 11690 | D:11     | Noticed Psyche
 11698 | D:11     | Killed Psyche
 11743 | D:11     | Noticed a two-headed ogre
 11751 | D:11     | Killed a two-headed ogre
 11777 | D:11     | Found a flagged portal.
 11781 | D:11     | Reached XP level 12. HP: 67/77 MP: 12/12
 11789 | Bailey   | Entered a bailey
 12057 | Bailey   | Got a twisted plate armour
 12072 | Bailey   | Identified the +8 plate armour "Yrghane" {MR+} (You found
                  | it in a bailey)
 12184 | D:11     | Reached skill level 10 in Fighting
 12497 | D:11     | Noticed Fannar
 12513 | D:11     | Killed Fannar
 13006 | D:12     | Received a gift from Okawaru
 13014 | D:12     | Got a masterwork double sword {god gift}
 13030 | D:12     | Identified the +9 double sword of the Dark Horse {vorpal,
                  | +Fly rN+++ Int-4 Dex-3} (Okawaru gifted it to you on level
                  | 12 of the Dungeon)
 13194 | D:12     | Noticed a two-headed ogre
 13202 | D:12     | Killed a two-headed ogre
 13208 | D:12     | You fall into a shaft and drop 1 floor!
 13462 | D:12     | Reached skill level 11 in Fighting
 13698 | D:12     | Received a gift from Okawaru
 13706 | D:12     | Got a scorched eveningstar {god gift}
 13707 | D:12     | Identified the +3 eveningstar of the Snake Pit {freeze,
                  | SInv Stlth+} (Okawaru gifted it to you on level 12 of the
                  | Dungeon)
 13726 | D:12     | Noticed a five-headed hydra
 13731 | D:12     | Killed a five-headed hydra
 13799 | D:12     | Noticed an anaconda
 13800 | D:12     | an anaconda changed into a wolf spider
 13825 | D:12     | Noticed an ettin
 13834 | D:12     | Killed an ettin
 14046 | D:12     | Reached XP level 13. HP: 84/84 MP: 13/13
 14054 | D:12     | Noticed a tengu reaver
 14069 | D:12     | Killed a tengu reaver
 14309 | D:12     | Noticed a tengu reaver
 14325 | D:12     | Killed a tengu reaver
 14325 | D:12     | Received a gift from Okawaru
 14325 | D:12     | Reached skill level 12 in Fighting
 14326 | D:12     | Got a pair of fading gloves {god gift}
 14337 | D:12     | Identified the +2 pair of gloves "Bizxud" {rN+ MP+9 Dex+3
                  | SInv} (Okawaru gifted it to you on level 12 of the Dungeon)
 14385 | D:12     | Got an ichor-stained plate armour
 14396 | D:12     | Identified the +6 plate armour of Aliuhon {Int+2 Dex+4}
                  | (You found it on level 12 of the Dungeon)
 14410 | D:12     | Gained mutation: You are dopey. (Int -2) [mutagenic glow]
 15343 | D:13     | Found a gate to the Vaults.
 15343 | D:13     | Noticed a vault guard
 15343 | D:13     | Noticed a vault guard
 15366 | D:13     | Killed a vault guard
 15375 | D:13     | Killed a vault guard
 15718 | D:14     | Received a gift from Okawaru
 15718 | D:14     | Reached skill level 13 in Fighting
 15889 | D:14     | Gained mutation: Your large and strong wings let you fly
                  | indefinitely. [Gargoyle growth]
 15889 | D:14     | Reached XP level 14. HP: 92/94 MP: 14/14
 16495 | D:14     | Identified a scroll of acquirement
 16496 | D:14     | Got the +3 pair of boots of Zoberuf {Regen+ rCorr Slay+6}
 16510 | D:14     | Received a gift from Okawaru
 16757 | D:15     | Entered Level 15 of the Dungeon
 17284 | D:15     | Received a gift from Okawaru
 17292 | D:15     | Reached skill level 14 in Fighting
 17313 | D:15     | Found a staircase to the Depths.
 17688 | Lair:1   | Entered Level 1 of the Lair of Beasts
 18395 | Lair:2   | Received a gift from Okawaru
 18398 | Lair:2   | Got a glimmering plate armour {god gift}
 18409 | Lair:2   | Identified the +1 plate armour of Arghasor {Str+6} (Okawaru
                  | gifted it to you on level 2 of the Lair of Beasts)
 18423 | Lair:2   | Got a steaming lapis lazuli ring
 18519 | Lair:2   | Found a staircase to the Snake Pit.
 19079 | Lair:3   | Reached XP level 15. HP: 101/101 MP: 15/15
 19177 | Lair:3   | Identified the ring of Onal {+Inv rElec rF+ Int+6 Dex+3}
                  | (You found it on level 2 of the Lair of Beasts)
 19315 | Lair:3   | Found a staircase to the Swamp.
 19815 | Lair:4   | Noticed Nergalle
 19825 | Lair:4   | Killed Nergalle
 19935 | Lair:4   | Reached skill level 15 in Maces & Flails
 20507 | Lair:5   | Noticed Seod's ghost (journeyman FoAK)
 20529 | Lair:5   | Reached skill level 15 in Armour
 20538 | Lair:5   | Reached skill level 15 in Fighting
 20943 | Lair:5   | Found a runed translucent door.
 20999 | Lair:5   | Received a gift from Okawaru
 21362 | Lair:5   | Killed Seod's ghost
 21376 | Lair:5   | Reached XP level 16. HP: 108/108 MP: 19/19
 21405 | Lair:6   | Entered Level 6 of the Lair of Beasts
 21433 | Lair:6   | Found a dark tunnel.
 21439 | Volcano  | Entered a volcano
 21605 | Volcano  | Found a burning altar of Makhleb.
 21735 | Lair:6   | Reached XP level 17. HP: 114/114 MP: 20/20
 21736 | Lair:6   | Reached skill level 16 in Fighting
 21736 | Lair:6   | Reached XP level 18. HP: 120/120 MP: 21/21
 21867 | Lair:6   | Gained mutation: Potions are less effective at restoring
                  | your health. [mutagenic glow]
 21924 | Lair:6   | Gained mutation: Your muscles are strong. (Str +2)
                  | [mutagenic glow]
 21956 | Lair:6   | Lost mutation: You are dopey. (Int -2) [mutagenic glow]
 22040 | Lair:6   | Found a staircase to the Slime Pits.
 22339 | Lair:6   | Identified Sif Muna's Guide on Snow
 22814 | Orc:1    | Entered Level 1 of the Orcish Mines
 22882 | Orc:2    | Entered Level 2 of the Orcish Mines
 22890 | Orc:2    | Received a gift from Okawaru
 22890 | Orc:2    | Reached XP level 19. HP: 126/126 MP: 22/22
 22956 | Orc:2    | Found Pegur's Armour Shop.
 22956 | Orc:2    | Found Leipugrulo's Food Shoppe.
 23141 | Orc:2    | Found Osuicit's Magic Scroll Emporium.
 23143 | Orc:2    | Found Xurr's Magic Scroll Boutique.
 23150 | Orc:2    | Bought a scroll of enchant weapon for 75 gold pieces
 23150 | Orc:2    | Bought a scroll of enchant armour for 75 gold pieces
 23155 | Orc:2    | Bought a scroll of enchant weapon for 105 gold pieces
 23260 | Orc:2    | Found Pytzeuk's Jewellery Shoppe.
 23440 | Orc:2    | Found a staircase to the Elven Halls.
 23644 | Elf:1    | Entered Level 1 of the Elven Halls
 23735 | Elf:1    | Noticed Asterion
 23744 | Elf:1    | Killed Asterion
 23744 | Elf:1    | Reached skill level 10 in Shields
 23766 | Elf:1    | Identified the +5 ring mail "Suadam" {Harm rCorr Str+5
                  | Stlth-}
 23991 | Elf:1    | Found a runed translucent gate.
 23991 | Elf:1    | Found a runed translucent gate.
 23991 | Elf:1    | Found a runed translucent gate.
 23991 | Elf:1    | Found a runed translucent gate.
 23991 | Elf:1    | Found a runed translucent gate.
 23993 | Elf:1    | Found a runed translucent gate.
 24107 | Elf:1    | Noticed Louise
 24119 | Elf:1    | Killed Louise
 25022 | Elf:2    | Found a shimmering blue altar of Sif Muna.
 25095 | Elf:2    | Received a gift from Okawaru
 25099 | Elf:2    | Got a distressingly furry cloak {god gift}
 25100 | Elf:2    | Identified the +0 cloak of the Thistle {+Fly rElec rPois
                  | Stlth-} (Okawaru gifted it to you on level 2 of the Elven
                  | Halls)
 25195 | Elf:2    | Reached skill level 17 in Fighting
 25207 | Elf:2    | Found a runed translucent gate.
 25207 | Elf:2    | Found a runed translucent gate.
 25208 | Elf:2    | Found a runed translucent gate.
 25883 | Snake:1  | Entered Level 1 of the Snake Pit
 26055 | Snake:1  | Noticed Frances
 26070 | Snake:1  | Killed Frances
 26317 | Snake:1  | Noticed Rupert
 26326 | Snake:1  | Killed Rupert
 26722 | Snake:2  | Found Utrugoa's Armour Shoppe.
 26747 | Snake:2  | Reached XP level 20. HP: 135/135 MP: 23/23
 27005 | Snake:2  | Found Xiovufib's Jewellery Shoppe.
 27005 | Snake:2  | Found Womec's Gadget Shop.
 27006 | Snake:2  | Found Caymesh's Gadget Shop.
 27123 | Snake:2  | Received a gift from Okawaru
 27140 | Snake:2  | Noticed Aizul
 27152 | Snake:2  | Killed Aizul
 27222 | Snake:2  | Noticed Saint Roka
 27250 | Snake:2  | Killed Saint Roka
 27250 | Snake:2  | Reached skill level 18 in Fighting
 27316 | Snake:2  | Noticed Roxanne
 27341 | Snake:2  | Killed Roxanne
 27877 | Snake:3  | Found Cyfrajall's Food Shoppe.
 28106 | Snake:3  | Received a gift from Okawaru
 28693 | Snake:4  | Entered Level 4 of the Snake Pit
 29109 | Snake:4  | Reached skill level 19 in Fighting
 29170 | Snake:4  | Identified the +9 long sword of Noabiz {flame, rF- Int+6}
 29203 | Snake:4  | Reached skill level 5 in Invocations
 29247 | Snake:4  | Received a gift from Okawaru
 29265 | Snake:4  | Reached XP level 21. HP: 144/144 MP: 24/24
 29661 | Snake:4  | Got a serpentine rune of Zot
 29873 | Swamp:1  | Entered Level 1 of the Swamp
 30833 | Swamp:2  | Found a basalt altar of Yredelemnul.
 31456 | Swamp:3  | Noticed Nikola
 31474 | Swamp:3  | Killed Nikola
 31717 | Swamp:3  | Received a gift from Okawaru
 31846 | Swamp:4  | Entered Level 4 of the Swamp
 32819 | Swamp:4  | Got a decaying rune of Zot
 33237 | Depths:1 | Entered Level 1 of the Depths
 33257 | Depths:1 | Received a gift from Okawaru
 33264 | Depths:1 | Reached skill level 20 in Fighting
 33264 | Depths:1 | Reached skill level 10 in Dodging
 33302 | Depths:1 | Found a gateway to Hell.
 33416 | Depths:1 | Found a magical portal.
 33426 | WizLab   | Entered Cigotuvi's Fleshworks
 33708 | WizLab   | Identified the Reference Book on Moulding
 33710 | WizLab   | Identified the Grimoire of Moulding
 33718 | WizLab   | Identified Cigotuvi's Tome of Dark Transmigration
 33947 | WizLab   | Paralysed by a floating eye for 2 turns
 33950 | WizLab   | Reached XP level 22. HP: 152/152 MP: 27/27
 33968 | WizLab   | Paralysed by a floating eye for 3 turns
 34007 | WizLab   | Paralysed by a floating eye for 4 turns
 34136 | WizLab   | Got a coiled ivory ring
 34419 | Depths:1 | Received a gift from Okawaru
 34713 | Depths:1 | Identified the ring of Gozag's Hope {rF- rC++ rN++ EV+4}
                  | (You found it in a wizard's laboratory)
 34922 | Depths:1 | Received a gift from Okawaru
 35102 | Depths:2 | Noticed a caustic shrike
 35105 | Depths:2 | Noticed a golden dragon
 35123 | Depths:2 | Killed a caustic shrike
 35128 | Depths:2 | Killed a golden dragon
 35141 | Depths:2 | Killed from afar by a frost giant

Illustrated notes

Levels and vault maps discovered:
D:1:      saegor_arrival_simple_b, layout_loops_ring
D:2:      layout_rooms, first_ration, uniq_sigmund
D:3:      layout_loops_cross, gup_sewer_entry_spiral, minmay_between
D:4:      layout_basic, serial_shops, shop_statue
D:5:      layout_loops_ring, old_standard_altar, temple_pool_b
D:6:      layout_basic
D:7:      layout_rooms, uniq_joseph, uniq_menkaure
D:8:      layout_basic, uniq_grum, uniq_gastronok
D:9:      layout_stronghold, due_lair_maze_entry_diamond, the_bakery
D:10:     layout_basic, hiddenorc1_lemuel
D:11:     layout_stronghold, enter_bailey_6, due_unseen_surprise, uniq_psyche,
          uniq_fannar
D:12:     minmay_box_of_curves, layout_irregular_city
D:13:     layout_rooms, grunt_vaults_entry_tiered
D:14:     layout_small_grid, nicolae_wwwww, onia_ninara_cookie
D:15:     grunt_enter_depths_magical_seal, layout_long_grid,
          hangedman_glass_teeth, grunt_ministairs_11
Temple:   compressed_dpeg_circular_temple
Lair:1:   layout_cellular_growth, lemuel_fruit_tree
Lair:2:   layout_cave_shapes, minmay_snake_entry_guardpost_small
Lair:3:   layout_hall_layers, minmay_swamp_entry_worms, wad_woods_antlair,
          serial_bayou_shore_b
Lair:4:   layout_hall_layers, uniq_nergalle
Lair:5:   regret_index_combs_of_tragedy, layout_loops_ring,
          hellmonk_ghost_happy_afterlife
Lair:6:   gammafunk_lair_ancient_temple, layout_regular_city, slime_dummy,
          enter_volcano_2
Swamp:1:  layout_basic_swamp, evilmike_swamp_ruin_house_5, swamp_pool2,
          statue_in_the_mist_lemuel
Swamp:2:  layout_falls_marsh, nicolae_swamp_very_dense_foliage,
          nicolae_swamp_godswood, infiniplex_staircase_pool
Swamp:3:  layout_basic_swamp, serial_swamp_ruin, evilmike_swamp_ruin_house_3,
          hangedman_swamp_ruin_wall, uniq_nikola
Swamp:4:  swamp_alternative, layout_basic_swamp
Snake:1:  layout_grid_maze, uniq_frances, uniq_rupert
Snake:2:  layout_onion, serial_shops, nicolae_shop_crystal, st_stairs_1,
          minmay_shop_grove, uniq_saint_roka, uniq_roxanne, uniq_aizul
Snake:3:  layout_cave_town, serial_shops, shop
Snake:4:  minmay_snake_end_coiled, layout_basic, serial_bayou_crossing,
          serial_bayou_shore_b
Orc:1:    layout_diamond_mine, serial_shops, nicolae_shop_waterfront
Orc:2:    st_orc_rangers, layout_caves, serial_shops, nicolae_shop_stone
Elf:1:    elf_arrival_001, layout_loops_corners, orc_legates, uniq_louise,
          uniq_asterion
Elf:2:    layout_geoelf_diagonals, serial_co_window_serial, co_window_paths_a,
          co_window_corner_a, co_window_corner_a, co_window_paths_a,
          co_window_cross_1, co_window_paths_c, glass_columns_b,
          glass_columns_a, glass_columns_c, glass_columns_b, basic_altar
Depths:1: layout_gridlike, mu_enter_wizlab_6, hell_entry,
          hangedman_abyss_or_decor_slice, minmay_misc_feat_columns, drop_trap,
          kennysheep_nondescript, minmay_microvault
Depths:2: hangedman_arch_fort, layout_gridlike, tso_metal_star, hell_entry,
          grunt_pan_entry_zigzag, abyss_entry, minivault_16,
          nrook_kobold_shadow_demons, uniq_mara

Skill      XL: |  1  2  3  4  5  6  7  8  9 10 11 12 13 14 15 16 17 18 19 20 21 22 |
---------------+-------------------------------------------------------------------+-----
Maces & Flails | 3 5 6 7 8 9 11 12 13 14 15 16 17 18 | 18.5
Dodging        | 1 2 4 5 7 9 10 | 10.6
Fighting       | 4 5 6 8 9 11 13 14 15 16 17 19 20 | 20.7
Armour         | 4 5 6 8 10 11 13 14 15 16 17 18 19 | 19.0
Shields        | 4 5 6 8 9 11 12 13 14 | 14.2
Invocations    | 4 5 7 8 |  8.0
Evocations     | 3 |  3.3

Action                   |  1- 3 |  4- 6 |  7- 9 | 10-12 | 13-15 | 16-18 | 19-21 | 22-24 || total
-------------------------+-------+-------+-------+-------+-------+-------+-------+-------++-------
Melee: Flail             |    90 |    31 |       |   797 |       |       |       |       ||   918
       Mace              |       |   100 |   547 |    11 |       |       |       |       ||   658
       Eveningstar       |       |       |       |    21 |   902 |   273 |  1855 |   208 ||  3259
Invok: Heroism           |       |       |     3 |     1 |     2 |       |     1 |       ||     7
Evoke: Wand              |       |       |       |     1 |       |       |       |     1 ||     2
  Use: Potion            |     2 |       |     4 |       |     2 |     2 |       |       ||    10
       Scroll            |       |     3 |       |     9 |    20 |     6 |    13 |     5 ||    56
 Stab: Distracted        |       |       |       |       |     1 |       |       |       ||     1
       Confused          |       |       |       |       |       |       |     1 |       ||     1
  Eat: Ration            |       |     1 |     6 |     6 |     8 |     1 |    11 |     1 ||    34
Armor: Scale mail        |    49 |    66 |   163 |       |       |       |       |       ||   278
       Ring mail         |       |       |    48 |   215 |       |       |       |       ||   263
       Plate armour      |       |       |       |   138 |   587 |   197 |  1167 |   118 ||  2207
Dodge: Dodged            |    25 |    41 |   171 |   228 |   219 |   102 |   628 |    54 ||  1468
Block: Kite shield       |    38 |    64 |   333 |   761 |   808 |   300 |  1712 |   160 ||  4176
       Reflection        |       |       |     2 |    34 |    19 |    13 |   168 |     3 ||   239

Table legend:
 A = Non-vault XP
 B = Vault XP
 C = Vault XP percentage of total XP
 D = Non-vault monster count
 E = Vault monster count
 F = Vault count percentage of total count
                 A         B        C        D         E       F
            +---------+---------+-------+---------+---------+-------
      Total |  261534 |  193572 |  42.5 |     883 |     493 |  35.8
            +---------+---------+-------+---------+---------+-------
        D:1 |      27 |       0 |   0.0 |      16 |       0 |   0.0
        D:2 |      79 |     220 |  73.6 |      17 |       1 |   5.6
        D:3 |     187 |      40 |  17.6 |      31 |      10 |  24.4
        D:4 |     446 |       0 |   0.0 |      16 |       0 |   0.0
        D:5 |     526 |       0 |   0.0 |      33 |       0 |   0.0
        D:6 |    1135 |       0 |   0.0 |      32 |       0 |   0.0
        D:7 |     704 |     767 |  52.1 |      20 |       4 |  16.7
        D:8 |    1711 |    2651 |  60.8 |      32 |       4 |  11.1
        D:9 |    1660 |    1316 |  44.2 |      29 |      11 |  27.5
       D:10 |    4815 |     292 |   5.7 |      45 |      17 |  27.4
       D:11 |    2916 |    1431 |  32.9 |      25 |       2 |   7.4
       D:12 |    6550 |   11941 |  64.6 |      36 |      15 |  29.4
       D:13 |    3880 |    7629 |  66.3 |      24 |      25 |  51.0
       D:14 |    4804 |    5225 |  52.1 |      14 |      21 |  60.0
       D:15 |    9617 |    8485 |  46.9 |      16 |      16 |  50.0
     Lair:1 |     954 |       0 |   0.0 |       6 |       0 |   0.0
     Lair:2 |    3281 |     314 |   8.7 |      16 |       2 |  11.1
     Lair:3 |    2788 |    2335 |  45.6 |      10 |      15 |  60.0
     Lair:4 |    8472 |     781 |   8.4 |      31 |       1 |   3.1
     Lair:5 |    6516 |    9766 |  60.0 |      18 |      54 |  75.0
     Lair:6 |    6472 |   11082 |  63.1 |      26 |      27 |  50.9
    Swamp:1 |    2330 |       0 |   0.0 |       7 |       0 |   0.0
    Swamp:2 |   12376 |       0 |   0.0 |      23 |       0 |   0.0
    Swamp:3 |    5829 |    7452 |  56.1 |      19 |       5 |  20.8
    Swamp:4 |   15341 |   13067 |  46.0 |      32 |      19 |  37.3
    Snake:1 |   13167 |    5188 |  28.3 |      26 |       2 |   7.1
    Snake:2 |   21999 |   10595 |  32.5 |      41 |      12 |  22.6
    Snake:3 |   32936 |       0 |   0.0 |      54 |       0 |   0.0
    Snake:4 |   14606 |   26391 |  64.4 |      28 |      41 |  59.4
      Orc:1 |     139 |       0 |   0.0 |       3 |       0 |   0.0
      Orc:2 |    4903 |    4684 |  48.9 |      49 |      36 |  42.4
      Elf:1 |    9964 |   19070 |  65.7 |      18 |      31 |  63.3
      Elf:2 |   21832 |    1799 |   7.6 |      33 |       2 |   5.7
   Depths:1 |   38572 |     868 |   2.2 |      57 |       1 |   1.7
   Depths:2 |       0 |    6272 | 100.0 |       0 |       6 | 100.0
      Sewer |       0 |     234 | 100.0 |       0 |      24 | 100.0
     Bailey |       0 |     176 | 100.0 |       0 |      14 | 100.0
    Volcano |       0 |    5388 | 100.0 |       0 |      18 | 100.0
     WizLab |       0 |   28113 | 100.0 |       0 |      57 | 100.0
            +---------+---------+-------+---------+---------+-------
